 Dungeon Crawl Stone Soup version 0.23.2-40-g277498a001 (webtiles) character file.

Game seed: 2845470411276285975

107 Deathwalker the Ducker (level 5, -2/38 HPs)
             Began as a Human Warper on Aug 20, 2019.
             Was an Initiate of Wu Jian.
             Killed from afar by Sigmund (8 damage)
             ... with a puff of flame
             ... on level 2 of the Dungeon.
             The game lasted 00:18:16 (3331 turns).

Deathwalker the Ducker (Human Warper)               Turns: 3331, Time: 00:18:16

Health: -2/38      AC:  3    Str: 11    XL:     5   Next: 11%
Magic:  9/9        EV: 12    Int: 15    God:    Wu Jian [......]
Gold:   39         SH:  0    Dex: 12    Spells: 3/10 levels left

rFire    . . .     SeeInvis .   m - +0 falchion
rCold    . . .     Gourm    .   (no shield)
rNeg     . . .     Faith    .   b - +0 leather armour
rPois    .         Spirit   .   (no helmet)
rElec    .         Reflect  .   (no cloak)
rCorr    .         Harm     .   (no gloves)
MR       .....                  (no boots)
Stlth    +.........             (no amulet)
HPRegen  0.12/turn              (no ring)
MPRegen  0.11/turn              (no ring)

@: no status effects
A: no striking features
a: Renounce Religion


You were on level 2 of the Dungeon.
You worshipped Wu Jian.
Wu Jian was noncommittal.
You were not hungry.

You visited 1 branch of the dungeon, and saw 3 of its levels.

You collected 39 gold pieces.

Inventory:

Hand Weapons
 a - a +0 falchion
 i - a +0 whip
 l - a +0 hand axe
 m - a +0 falchion (weapon)
 p - a +0 war axe
Missiles
 e - 5 tomahawks of dispersal
 h - 46 stones (quivered)
 r - 7 sling bullets
Armour
 b - a +0 leather armour (worn)
Jewellery
 t - a cursed -2 ring of intelligence {unknown}
Scrolls
 c - 2 scrolls of amnesia
 d - a scroll of blinking
 g - 2 scrolls of identify
 n - 2 scrolls of remove curse {unknown}
 o - 2 scrolls of enchant armour {unknown}
Potions
 j - 2 potions of lignification
 k - 2 potions of cancellation {unknown}
 q - a potion of ambrosia {unknown}
Comestibles
 f - 4 rations


   Skills:
 - Level 2.0 Fighting
 * Level 2.0 Long Blades
 - Level 1.0 Throwing
 - Level 1.0 Armour
 - Level 3.2 Dodging
 - Level 3.1 Spellcasting
 - Level 2.0 Charms
 + Level 3.0 Translocations


You had 3 spell levels left.
You knew the following spells:

 Your Spells              Type           Power        Failure   Level  Hunger
a - Blink                 Tloc           N/A          12%         2    ##.....
b - Shroud of Golubria    Chrm/Tloc      #.........   14%         2    ##.....
c - Teleport Other        Tloc           ##......     22%         3    ###....

Your spell library contained the following spells:

 Spells                   Type           Power        Failure   Level  Hunger
 Gell's Gravitas          Tloc           ##........   22%         3    ###....
 Lesser Beckoning         Tloc           ##........   22%         3    ###....
 Passage of Golubria      Tloc           N/A          58%         4    #####..


Dungeon Overview and Level Annotations

Branches:
Dungeon (3/15)

Altars:
Wu Jian

Annotations:
D:2 Sigmund


Message History

You're too confused!
You're too confused!
You're too confused!
You bump into the rock wall.
You bump into the rock wall.
Something barely misses you.
A magic dart appears from out of thin air!
The magic dart hits you!
You're too confused to move!
You feel less confused.
A puff of flame appears from out of thin air!
The puff of flame hits you!
There is an open door here.
You see here a +0 dagger.
A puff of flame appears from out of thin air!
The puff of flame hits you!
* * * LOW HITPOINT WARNING * * *
Something tries to affect you, but you resist.
A puff of flame appears from out of thin air!
The puff of flame hits you!
You die...

#...!...... #..........
#.......... #..........
#.......... #..........
##################.#.......
#.........@.....{._........
#............#####.#.......
#>.........................
##...........######........
#...........# #........
#...........# #........
#...........# #........
#...........# #........
#...........# #........


There were no monsters in sight!

Vanquished Creatures
  Jessica (D:2)
  2 adders
  An ooze (D:2)
  A worm (D:2)
  2 dart slugs
  3 leopard geckos
  An orc (D:3)
  5 bats
  A giant cockroach (D:1)
  6 goblins
  5 hobgoblins
  9 frilled lizards
  6 kobolds
  9 rats
52 creatures vanquished.

Notes
Turn   | Place    | Note
-------+----------+-------------------------------------------
     0 | D:1      | Deathwalker the Human Warper began the quest for the Orb.
     0 | D:1      | Reached XP level 1. HP: 16/16 MP: 3/3
   424 | D:1      | Reached XP level 2. HP: 22/22 MP: 5/5
   428 | D:1      | Learned a level 2 spell: Blink
   431 | D:1      | Learned a level 2 spell: Shroud of Golubria
  1171 | D:1      | Reached XP level 3. HP: 27/27 MP: 6/6
  1499 | D:2      | Noticed Sigmund
  1983 | D:3      | Reached skill level 1 in Charms
  2083 | D:3      | Reached XP level 4. HP: 31/33 MP: 7/7
  2105 | D:3      | Learned a level 3 spell: Teleport Other
  2511 | D:2      | Found an ornate altar of the Wu Jian Council.
  2519 | D:2      | Became a worshipper of the Wu Jian Council
  2653 | D:2      | Noticed Jessica
  2672 | D:2      | Killed Jessica
  2672 | D:2      | Reached XP level 5. HP: 14/38 MP: 9/9
  3331 | D:2      | Killed from afar by Sigmund

Skill      XL: |  1  2  3  4  5 |
---------------+----------------+-----
Dodging        | 3 |  3.2
Charms         | 1 2 |  2.0
Spellcasting   | 3 |  3.1
Fighting       | |  2.0
Long Blades    | |  2.0
Throwing       | |  1.0
Armour         | |  1.0
Translocations | |  3.0

Action                   |  1- 3 |  4- 6 || total
-------------------------+-------+-------++-------
Melee: Falchion          |    95 |    88 ||   183
Throw: Stone             |    13 |       ||    13
 Cast: Shroud of Golubri |     1 |     4 ||     5
       Blink             |     1 |       ||     1
Invok: Lunge             |       |     3 ||     3
  Use: Scroll            |     2 |       ||     2
  Eat: Chunk             |     4 |     4 ||     8
Armor: Leather armour    |    22 |    21 ||    43
Dodge: Dodged            |    63 |    71 ||   134
       Rpst.: Falchion   |    22 |    24 ||    46
